 Dungeon Crawl Stone Soup version 0.20.1-1-g8b1a95d (webtiles) character file.

158 Linguinho the Stinger (level 5, -7/54 HPs)
             Began as a Formicid Venom Mage on Oct 31, 2017.
             Mangled by Terence
             ... wielding a +1 trident of distortion
              (20 damage)
             ... on level 3 of the Dungeon.
             The game lasted 00:10:40 (4343 turns).

Linguinho the Stinger (Formicid Venom Mage)         Turns: 4343, Time: 00:10:41

Health: -7/54      AC: 22    Str: 13    XL:     5   Next: 66%
Magic:  10/10      EV:  2    Int: 20    God:
Gold:   102        SH:  0    Dex: 11    Spells: 7/10 levels left

rFire    . . .     SeeInvis .   f - +0 club
rCold    . . .     Gourm    .   (no shield)
rNeg     + + +     Faith    .   (armour currently unavailable)
rPois    +         Spirit   .   (helmet unavailable)
rElec    .         Reflect  .   (cloak currently unavailable)
rCorr    .         Harm     .   (gloves currently unavailable)
MR       .....                  (boots currently unavailable)
Stlth    ++........             (no amulet)
Regen    0.2/turn               (no ring)
MPRegen  0.2/turn               (no ring)

@: brilliant, tree-form
A: permanent stasis, dig shafts and tunnels, four strong arms
a: no special abilities


You were on level 3 of the Dungeon.
You were not hungry.
You were a tree.
You visited 1 branch of the dungeon, and saw 4 of its levels.

You collected 102 gold pieces.

Inventory:

Hand Weapons
 f - a +0 club (weapon)
Armour
 a - a +0 robe (melded)
 i - a cursed +0 pair of boots (melded)
Jewellery
 d - an uncursed ring of poison resistance {unknown}
 h - an uncursed ring of ice {unknown}
 o - a cursed -4 ring of dexterity {unknown}
Scrolls
 g - a scroll of magic mapping {unknown}
 j - 2 scrolls of amnesia
 l - a scroll of noise {unknown}
 n - 2 scrolls of teleportation {unknown}
 p - 2 scrolls of remove curse {unknown}
 q - a scroll of fog {unknown}
Potions
 e - a potion of agility
 k - a potion of lignification
Books
 b - a Young Poisoner's Handbook

   Spells                             Type                      Level
   a - Sting                          Conjuration/Poison           1
   b - Poisonous Vapours              Poison/Air                   2
   c - Mephitic Cloud                 Conjuration/Poison/Air       3
   d - Olgreb's Toxic Radiance        Poison                       4
   e - Venom Bolt                     Conjuration/Poison           5
Comestibles
 c - 2 bread rations
 m - a royal jelly


   Skills:
 + Level 0.7 Fighting
 + Level 1.4 Maces & Flails
 + Level 2.4 Dodging
 + Level 3.5 Stealth
 + Level 3.3 Spellcasting
 + Level 1.0 Conjurations
 + Level 0.1 Air Magic
 + Level 5.1 Poison Magic


You had 7 spell levels left.
You knew the following spells:

 Your Spells              Type           Power        Failure   Level  Hunger
a - Sting                 Conj/Pois      ####         1%          1    None
b - Poisonous Vapours     Pois/Air       ####..       1%          2    ##.....


Dungeon Overview and Level Annotations

Branches:
Dungeon (4/15)
 Temple: D:4-7

Altars:
Nemelex Xobeh

Annotations:
D:3 Terence


Innate Abilities, Weirdness & Mutations

You cannot be hasted, slowed, berserked, paralysed or teleported.
You can dig through walls and to a lower floor.
Your four strong arms can wield two-handed weapons with a shield.
((You have a pair of large antennae on your head. (SInv)))


Message History

Confirm with . or Enter, or press ? or * to list all spells.
You don't know that spell.
Unknown command.
You turn into a tree.
Your cursed +0 pair of boots melds into your body.
Your +0 robe melds into your body.
Your roots penetrate the ground.
Terence hits you but does no damage.
You hit Terence but do no damage. Terence hits you but does no damage.
Space bends around you.
You hit Terence.
Terence is moderately wounded.
Terence hits you but does no damage. Space bends around you.
You barely miss Terence.
Terence is moderately wounded.
Terence hits you but does no damage. Space bends around you.
* * * LOW HITPOINT WARNING * * *
You hit Terence.
Terence is moderately wounded.
Terence hits you but does no damage. Space warps horribly around you!
You die...

..................#........#.#.#.
#######...........#.....)..#.#.#.
#...........#........#.#.#{
#...........#.....#'##+#.#.
#...........#.###.#.# ..#.
#.............###.#.# #.
##...............###.# .>#.
#.........@..........# #.#.
#..........♣...#.##### #.#.
#.#.......##.....########.#.
#.#######.##.#.#........#.#.
#.....# #.##.#.#.######.#.#.
#.###.###.##.#.#.######.#.#.
#...........................
#####.###.##.#.#..........#. #.#
#.##.#.....##.....#. #######.#
#..#.......##.###.#.


You could see Terence.

Vanquished Creatures
  An orc priest (D:3)
  3 adders (D:2)
  2 worms
  5 leopard geckos
  4 orcs (D:3)
  2 giant cockroaches
  10 goblins
  5 hobgoblins
  14 jackals (D:3)
  12 kobolds
  A quokka (D:2)
  2 ball pythons
  6 bats
  4 frilled lizards
  11 rats
82 creatures vanquished.

Notes
Turn   | Place    | Note
-------+----------+-------------------------------------------
     0 | D:1      | Linguinho the Formicid Venom Mage began the quest for the Orb.
     0 | D:1      | Reached XP level 1. HP: 13/13 MP: 3/3
   157 | D:1      | Reached XP level 2. HP: 15/19 MP: 0/5
   260 | D:1      | Learned a level 2 spell: Poisonous Vapours
   595 | D:1      | Reached XP level 3. HP: 18/24 MP: 3/6
  1324 | D:2      | Reached XP level 4. HP: 19/30 MP: 5/8
  2552 | D:3      | Reached skill level 1 in Maces & Flails
  2925 | D:3      | Found a sparkling altar of Nemelex Xobeh.
  2925 | D:3      | Noticed Terence
  3219 | D:2      | Reached XP level 5. HP: 25/35 MP: 7/9
  3486 | D:3      | Reached skill level 1 in Conjurations
  3515 | D:3      | You fall through a shaft!
  3520 | D:4      | Noticed an ogre
  4134 | D:3      | Reached skill level 5 in Poison Magic
  4343 | D:3      | Mangled by Terence

Skill      XL: |  1  2  3  4  5 |
---------------+----------------+-----
Stealth        | 3 |  3.5
Dodging        | 2 |  2.4
Spellcasting   | 3 |  3.3
Maces & Flails | 1 |  1.4
Conjurations   | 1 |  1.0
Poison Magic   | 5 |  5.1
Fighting       | |  0.7
Air Magic      | |  0.1

Action                   |  1- 3 |  4- 6 || total
-------------------------+-------+-------++-------
Melee: Club              |    47 |    98 ||   145
 Cast: Sting             |    42 |    75 ||   117
       Poisonous Vapours |     3 |     6 ||     9
 Abil: Dig               |       |     1 ||     1
       Shaft Self        |       |     1 ||     1
  Use: Scroll            |       |     3 ||     3
       Potion            |       |     2 ||     2
 Stab: Sleeping          |     1 |     1 ||     2
  Eat: Chunk             |     2 |     7 ||     9
       Bread ration      |       |     1 ||     1
Armor: Robe              |    18 |    24 ||    42
       Skin              |       |     3 ||     3
Dodge: Dodged            |    48 |    94 ||   142
